 Dungeon Crawl Stone Soup version 0.19-a0-28-g8794423 (webtiles) character file.

9239 Etesian the Cleaver (level 11, -3/95 HPs)
             Began as a Minotaur Fighter on May 2, 2016.
             Was a High Priest of Makhleb.
             Slain by a blink frog (13 damage)
             ... on level 1 of the Lair of Beasts.
             The game lasted 00:44:00 (9786 turns).

Etesian the Cleaver (Minotaur Fighter)              Turns: 9786, Time: 00:44:01

Health: -3/95      AC: 16    Str: 25    XL:     11   Next: 20%
Magic:  16/16      EV:  4    Int:  5    God:    Makhleb [*****.]
Gold:   526        SH: 13    Dex:  9    Spells: 0 memorised, 10 levels left

rFire  . . .     SeeInvis .     a - +0 war axe
rCold  . . .     Gourm    .     d - +0 plate armour
rNeg   . . .     Faith    .     c - +1 shield
rPois  .         Spirit   .     (helmet restricted)
rElec  .         Dismiss  .     x - +0 cloak
rCorr  .         Reflect  .     E - +0 pair of gloves
SustAt .         Harm     .     (no boots)
MR     +....                    (no amulet)
Stlth  ..........               F - ring of protection from magic
                                p - -2 ring of evasion (curse)

@: somewhat resistant to hostile enchantments, extremely unstealthy
A: retaliatory headbutt, horns 2
a: Minor Destruction, Lesser Servant of Makhleb, Major Destruction, Greater
Servant of Makhleb, Renounce Religion


You were on level 1 of the Lair of Beasts.
You worshipped Makhleb.
Makhleb was extremely pleased with you.
You were very hungry.

You visited 2 branches of the dungeon, and saw 12 of its levels.
You also visited: Ossuary.

You collected 526 gold pieces.

Inventory:

Hand Weapons
 a - a +0 war axe (weapon)
Armour
 c - a +1 shield (worn)
 d - a +0 plate armour (worn)
 x - a +0 cloak (worn)
 E - a +0 pair of gloves (worn)
Jewellery
 p - a cursed -2 ring of evasion (left hand)
 A - an uncursed ring of protection from fire
 F - a ring of protection from magic (right hand)
Wands
 r - a wand of acid (9/15)
 y - a wand of disintegration (12/24)
Scrolls
 e - 4 scrolls of teleportation
 i - 10 scrolls of identify
 l - a scroll of fear
 n - a scroll of immolation
 B - 2 scrolls of magic mapping
 C - a scroll of blinking
 D - 3 scrolls of remove curse
Potions
 b - 4 potions of agility
 g - a potion of berserk rage
 k - a potion of haste
 m - a potion of cancellation
 o - 2 potions of cure mutation
 q - a potion of invisibility
 u - 3 potions of curing
 v - a potion of heal wounds
 w - a potion of might
 z - 2 potions of brilliance
Comestibles
 f - 10 bread rations
 h - 3 meat rations
 j - 17 fruits
 s - 2 beef jerkies


   Skills:
 + Level 8.7 Fighting
 * Level 11.5 Axes
 + Level 9.1 Armour
 + Level 9.4 Shields
 * Level 8.7 Invocations


You had 10 spell levels left.
You didn't know any spells.

Dungeon Overview and Level Annotations

Branches:
Dungeon (11/15)            Temple (0/1) D:6            Lair (1/8) D:10
    Orc: D:9-12

Altars:
Fedhas
Kikubaaqudgha
Makhleb
Nemelex Xobeh
Qazlal

Shops:
D:5 [   D:8 *   D:10 (


Innate Abilities, Weirdness & Mutations

You reflexively headbutt those who attack you in melee.
You have a pair of horns on your head.


Message History

You block the black mamba's attack.
The blink frog hits you but does no damage.
You take 2 damage, and have 29/95 hp.
You closely miss the black mamba. You headbutt the black mamba!
The black mamba is heavily wounded.
You barely miss the blink frog.
You feel very sick. The black mamba bites you.
* * * LOW HITPOINT WARNING * * *
The blink frog barely misses you. You furiously retaliate!
You headbutt the blink frog! The black mamba bites you!
* * * LOW HITPOINT WARNING * * *
You are more poisoned.
The black mamba poisons you! The blink frog hits you!
* * * LOW HITPOINT WARNING * * *
You block the blink frog's attack.
You take 25 damage, and have 4/95 hp.
MASSIVE DAMAGE!!
Drink which item? (? for menu, Esc to quit)
You feel better. The black mamba barely misses you. The blink frog hits you!
You die...

.## ##
.P#######..##..###P.....
........................
.####.P#####............
## ##.## #............ #
#..# #.../........ #
##.# #............ # #.#
#.....S...... #
##.######....@F...... #
#...#.........F...... #
##..!..†#............ #
##................... #
#.#.##...............
###.##.≈.≈P...P≈≈≈###
#..#.P≈≈≈..≈P≈≈≈#
#.##.≈PP≈P≈≈≈≈≈P#
#.##.≈≈≈≈P≈≈≈≈≈≈#


You could see a black mamba and 2 blink frogs.

Vanquished Creatures
  2 hill giants (D:10)
  A centaur skeleton (D:10)
  3 trolls
  A blink frog (Lair:1)
  Sigmund (D:3)
  A spriggan (D:10)
  A hungry ghost (D:9)
  9 yaks
  2 hippogriffs
  2 water moccasins
  An orc warrior (D:10)
  2 ice beasts
  2 sky beasts
  A wasp (D:9)
  A black bear (D:6)
  7 ogres
  5 centaurs
  6 giant frogs
  3 elf zombies (Ossuary)
  2 water moccasin zombies
  2 wyvern skeletons (D:9)
  4 scorpions
  2 howler monkeys
  5 wights (D:9)
  2 centaur zombies
  2 crimson imps
  3 hounds
  6 jellies
  8 orc priests
  Crazy Yiuf (D:5)
  9 orc wizards
  5 giant frog skeletons
  4 iguanas
  8 worker ants
  A big kobold zombie (Ossuary)
  2 hound skeletons
  2 mummies (Ossuary)
  A worker ant zombie (D:9)
  12 adders
  4 shadow imps
  An ooze (D:3)
  3 adder zombies (Ossuary)
  2 adder skeletons
  5 worms
  A dart slug (D:2)
  5 giant geckos
  33 orcs
  2 ball pythons
  6 bats
  2 giant cockroaches
  6 goblins
  4 hobgoblins
  14 jackals
  3 quokkas
  A giant gecko skeleton (D:6)
  A giant gecko zombie (D:5)
  3 giant newts
  14 hobgoblin zombies (Ossuary)
  A jackal skeleton (D:5)
  2 jackal zombies (Ossuary)
  6 kobolds
  6 kobold zombies (Ossuary)
  5 orc zombies (Ossuary)
  6 rats
  2 rat zombies (Ossuary)
270 creatures vanquished.

Vanquished Creatures (collateral kills)
  An orc warrior (D:9)
1 creature vanquished.

Vanquished Creatures (others)
  An orc wizard (D:5)
  5 toadstools (D:1)
6 creatures vanquished.

Grand Total: 277 creatures vanquished

Notes
Turn   | Place    | Note
--------------------------------------------------------------
     0 | D:1      | Etesian the Minotaur Fighter began the quest for the Orb.
     0 | D:1      | Reached XP level 1. HP: 19/19 MP: 0/0
   254 | D:1      | Reached XP level 2. HP: 24/27 MP: 1/1
   712 | D:2      | Reached skill level 3 in Axes
   833 | D:2      | Reached XP level 3. HP: 24/33 MP: 2/2
  1059 | D:2      | Found a sparkling altar of Nemelex Xobeh.
  1450 | D:3      | Reached XP level 4. HP: 41/41 MP: 3/3
  1594 | D:3      | Reached skill level 4 in Axes
  1898 | D:3      | Noticed Sigmund
  1912 | D:3      | Killed Sigmund
  1912 | D:3      | Reached skill level 5 in Fighting
  1912 | D:3      | Reached skill level 5 in Axes
  1912 | D:3      | Reached skill level 5 in Shields
  1912 | D:3      | Reached XP level 5. HP: 16/48 MP: 4/4
  1912 | D:3      | Reached XP level 6. HP: 19/56 MP: 5/5
  2384 | D:4      | Reached skill level 5 in Armour
  2691 | D:4      | Found a burning altar of Makhleb.
  2712 | D:4      | Became a worshipper of Makhleb the Destroyer
  2783 | D:4      | Found a blossoming altar of Fedhas.
  2795 | D:4      | Reached skill level 1 in Invocations
  2795 | D:4      | Reached XP level 7. HP: 57/61 MP: 6/6
  3097 | D:4      | Reached skill level 6 in Axes
  3465 | D:5      | Entered Level 5 of the Dungeon
  3523 | D:5      | Found Soxkyn's Antique Armour Shop.
  3565 | D:5      | Found a sand-covered staircase.
  3570 | Ossuary  | Entered an ossuary
  3614 | Ossuary  | Reached * piety under Makhleb
  3757 | Ossuary  | Reached ** piety under Makhleb
  3842 | D:5      | Reached skill level 7 in Axes
  3850 | D:5      | Reached XP level 8. HP: 65/70 MP: 9/9
  4148 | D:5      | Found an ancient bone altar of Kikubaaqudgha.
  4186 | D:5      | Found a stormy altar of Qazlal.
  4446 | D:5      | Reached skill level 8 in Axes
  4483 | D:5      | Noticed Crazy Yiuf
  4491 | D:5      | Killed Crazy Yiuf
  4750 | D:6      | Reached *** piety under Makhleb
  5112 | D:6      | Reached XP level 9. HP: 78/78 MP: 11/11
  5158 | D:6      | Found a staircase to the Ecumenical Temple.
  5254 | D:7      | Reached skill level 5 in Invocations
  6026 | D:8      | Reached **** piety under Makhleb
  6064 | D:8      | Reached skill level 9 in Axes
  6721 | D:8      | Found Miluot's Assorted Antiques.
  7373 | D:9      | Noticed a troll
  7391 | D:9      | Killed a troll
  7665 | D:9      | Reached XP level 10. HP: 88/88 MP: 13/13
  7749 | D:9      | Reached skill level 10 in Axes
  8066 | D:9      | Reached ***** piety under Makhleb
  8459 | D:10     | Entered Level 10 of the Dungeon
  8541 | D:10     | Noticed a hill giant
  8557 | D:10     | Killed a hill giant
  8937 | D:10     | Reached skill level 11 in Axes
  9141 | D:10     | Found a staircase to the Lair.
  9160 | D:10     | Noticed a hill giant
  9171 | D:10     | Killed a hill giant
  9171 | D:10     | Reached XP level 11. HP: 95/95 MP: 16/16
  9358 | D:10     | Found Iskulaci's Weapon Emporium.
  9581 | Lair:1   | Entered Level 1 of the Lair of Beasts
  9785 | Lair:1   | HP: 4/95 [blink frog (12)]
  9786 | Lair:1   | Slain by a blink frog

Vault maps used:
D:1:      ldierk_walled_garden
D:2:      nicolae_overflow_crystal_walls
D:3:      uniq_sigmund
D:4:      old_standard_altar, makhleb_heckhound_becter, first_bread
D:5:      old_standard_altar, kennysheep_mini_moat, nicolae_ossuary_entry_plus,
          serial_shops, nicolae_shop_trees, uniq_crazy_yiuf_cottage
D:6:      temple_doors_c
D:8:      serial_shops, kennysheep_little_box
D:9:      nicolae_overflow_hidden_temple
D:10:     lair_0_dummy, serial_shops, kennysheep_mini, the_bakery
D:11:     nrook_guardian_serpent_snake_passage, serial_shops, shop
Lair:1:   serial_bayou_shore_a, grunt_megastairs_2
Ossuary:  ossuary_tomb_1

Skill      XL: |  1  2  3  4  5  6  7  8  9 10 11 |
---------------+----------------------------------+-----
Armour         | 4 5 6 7 8 9 |  9.1
Axes           | 3 5 7 8 9 11 | 11.5
Shields        | 4 5 6 7 8 9 |  9.4
Fighting       | 4 5 6 7 8 |  8.7
Invocations    | 1 2 4 6 8 |  8.7

Action                   |  1- 3 |  4- 6 |  7- 9 | 10-12 || total
-------------------------+-------+-------+-------+-------++-------
Melee: War axe           |    64 |    85 |   424 |   245 ||   818
       Headbutt          |     9 |    14 |    77 |    55 ||   155
Invok: Lesser Servant of |       |       |     1 |     1 ||     2
  Use: Potion            |       |     1 |     1 |     1 ||     3
       Scroll            |       |       |    19 |     4 ||    23
 Stab: Distracted        |       |       |     1 |       ||     1
  Eat: Chunk             |     2 |     4 |    15 |     2 ||    23
       Pizza             |       |       |     1 |       ||     1
       Meat ration       |       |       |       |     1 ||     1
Armor: Scale mail        |    21 |    30 |       |       ||    51
       Plate armour      |       |    11 |   217 |   124 ||   352
Dodge: Dodged            |    25 |    12 |    82 |    46 ||   165
Block: Shield            |    34 |    43 |   278 |   149 ||   504
